 Dungeon Crawl Stone Soup version 0.18-a0-1789-gbeff17f (webtiles) character file.

72 Mefis the Magician (level 4, -6/30 HPs)
             Began as a Human Wizard on Apr 21, 2016.
             Mangled by Blork the orc
             ... wielding a +0 battleaxe
              (11 damage)
             ... on level 3 of the Dungeon.
             The game lasted 00:27:25 (3484 turns).

Mefis the Magician (Human Wizard)                   Turns: 3484, Time: 00:27:25

Health: -6/30      AC:  2    Str:  7    XL:     4   Next: 50%
Magic:  1/9        EV: 12    Int: 19    God:
Gold:   108        SH:  0    Dex: 12    Spells: 4 memorised, 3 levels left

rFire  . . .     SeeInvis .     x - +2 dagger (speed)
rCold  . . .     Gourm    .     a - +0 robe
rNeg   . . .     Faith    .     (no shield)
rPois  .         Spirit   .     b - +0 hat
rElec  .         Dismiss  .     (no cloak)
rCorr  .         Reflect  .     (no gloves)
SustAt .         Harm     .     (no boots)
MR     .....                    (no amulet)
Stlth  ++........               (no ring)
                                (no ring)

@: very slightly contaminated, not resistant to hostile enchantments, unstealthy
A: no striking features
a: no special abilities


You were on level 3 of the Dungeon.
You were hungry.

You visited 1 branch of the dungeon, and saw 4 of its levels.

You collected 108 gold pieces.

Inventory:

Hand Weapons
 h - a +0 dagger
 q - a +0 short sword
 x - a +2 dagger of speed (weapon)
 D - a +0 hunting sling
Missiles
 g - 23 sling bullets
 i - 45 arrows
 u - 20 stones (quivered)
Armour
 a - a +0 robe (worn)
 b - a +0 hat (worn)
Wands
 p - a wand of random effects (24/48)
Scrolls
 j - a scroll of random uselessness
 v - a scroll of noise
 y - a scroll of enchant weapon {unknown}
 z - a scroll of remove curse
 A - a scroll of teleportation {unknown}
Potions
 e - a potion of agility
 m - a potion of heal wounds {unknown}
 r - a potion of flight {unknown}
 s - a potion of might
 w - a potion of lignification {unknown}
 C - a potion of magic {unknown}
Books
 c - a book of Minor Magic

   Spells                             Type                      Level
   a - Magic Dart                     Conjuration                  1
   b - Blink                          Translocation                2
   c - Call Imp                       Summoning                    2
   d - Repel Missiles                 Charms/Air                   2
   e - Slow                           Hexes                        2
   f - Conjure Flame                  Conjuration/Fire             3
   g - Mephitic Cloud                 Conjuration/Poison/Air       3
 t - a book of Annihilations

   Spells                             Type                      Level
   a - Poison Arrow                   Conjuration/Poison           6
   b - Chain Lightning                Conjuration/Air              8
   c - Lehudib's Crystal Spear        Conjuration/Earth            8
   d - Glaciate                       Conjuration/Ice              9
   e - Fire Storm                     Conjuration/Fire             9
Comestibles
 d - a bread ration
 B - a beef jerky


   Skills:
 + Level 0.2 Short Blades
 + Level 2.1 Dodging
 + Level 2.5 Stealth
 + Level 3.7 Spellcasting
 + Level 1.7 Conjurations
 + Level 0.2 Charms
 * Level 1.4 Summonings
 * Level 1.5 Translocations
 + Level 0.2 Air Magic


You had 3 spell levels left.
You knew the following spells:

 Your Spells              Type           Power        Failure   Level  Hunger
a - Magic Dart            Conj           ##..         10%         1    None
b - Call Imp              Summ           #.......     14%         2    ##.....
c - Blink                 Tloc           N/A          14%         2    ##.....
d - Repel Missiles        Chrm/Air       #.....       21%         2    ##.....


Dungeon Overview and Level Annotations

Branches:
Dungeon (4/15)
 Temple: D:4-7

Altars:
Ru
Vehumet
Xom

Annotations:
D:3 Blork the orc


Message History

You hear some strange, mumbled words.
A puff of frost appears from out of thin air!
The puff of frost is repelled.
You feel less protected from missiles.
You hit the jackal.
You kill the jackal!
You hear some strange, mumbled words.
A magic dart appears from out of thin air!
The magic dart hits you!
You hear some strange, mumbled words.
A puff of frost appears from out of thin air!
The puff of frost hits you!
You swap places.
Something hits you!
* * * LOW HITPOINT WARNING * * *
Something hits your crimson imp but does no damage.
There is a stone staircase leading up, spattered with blood here.
You climb upwards.
Your summoned ally is left behind.
There is a stone staircase leading down here.
You closely miss something. Something hits you!
You die...

...................#
...###'###########.#
...##.......######.#
...##..####......#.#
...##..# ######.#.#
...##..# #.#.#
...##..###### #.#.#
...#........####=..#
.).'..g.....'...@###
####........####.#
##'####### ### #.#
#####.# ......#
.###### .# .#


There were no monsters in sight!

Vanquished Creatures
  2 adders
  A worm (D:2)
  3 giant geckos
  A ball python (D:1)
  A giant cockroach (D:2)
  6 goblins
  6 hobgoblins
  2 jackals
  A quokka (D:2)
  5 bats
  4 giant newts
  7 kobolds
  6 rats
45 creatures vanquished.

Vanquished Creatures (collateral kills)
  3 goblins (D:2)
  2 jackals (D:4)
  A kobold (D:2)
6 creatures vanquished.

Grand Total: 51 creatures vanquished

Notes
Turn   | Place    | Note
--------------------------------------------------------------
     0 | D:1      | Mefis the Human Wizard began the quest for the Orb.
     0 | D:1      | Reached XP level 1. HP: 13/13 MP: 4/4
   284 | D:1      | Reached XP level 2. HP: 9/19 MP: 1/6
   288 | D:1      | Learned a level 2 spell: Call Imp
   291 | D:1      | Learned a level 2 spell: Blink
   294 | D:1      | Learned a level 2 spell: Repel Missiles
  1066 | D:2      | Reached XP level 3. HP: 24/24 MP: 0/7
  1236 | D:2      | Found a shimmering altar of Xom.
  1335 | D:2      | Found a radiant altar of Vehumet.
  1371 | D:2      | Found a sacrificial altar of Ru.
  1935 | D:2      | Reached XP level 4. HP: 25/30 MP: 0/9
  2939 | D:4      | Noticed Blork the orc
  3484 | D:3      | Mangled by Blork the orc

Vault maps used:
D:1:      co_arrival_square_in_a_square_in_a_square
D:2:      xom_butterflies, lemuel_round_altar, vehumet_crystals,
          kennysheep_another_room, grunt_decor_arrowhead, minmay_bisected
D:4:      minmay_temple_entry_poolview, uniq_blork_the_orc

Action                   |  1- 3 |  4- 6 || total
-------------------------+-------+-------++-------
Melee: Dagger            |    18 |     9 ||    27
       Short sword       |     9 |       ||     9
 Fire: Hunting sling     |       |     6 ||     6
Throw: Stone             |       |     1 ||     1
 Cast: Magic Dart        |    83 |    26 ||   109
       Repel Missiles    |     1 |     2 ||     3
       Call Imp          |     6 |    12 ||    18
       Blink             |       |     2 ||     2
  Use: Scroll            |       |     4 ||     4
       Potion            |       |     4 ||     4
  Eat: Chunk             |     3 |     5 ||     8
Armor: Robe              |     4 |     5 ||     9
Dodge: Dodged            |    29 |    23 ||    52
       Deflected         |     1 |     3 ||     4
